Map: Ever Dream LE

Players

bloodybender

  • Race: Protoss Protoss
  • League: Master
  • Spawn Location: 7:00

zuka - Winner!

  • Race: Protoss Protoss
  • League: Master
  • Spawn Location: 1:00

VOD

Have the link to the VOD?

Description

Time

  • Played on: Aug. 21, 2020, 2:53 p.m.
  • Length: 4:14
Show
View Real Time Build Order
Export as new Build Order

bloodybender Protoss 

Build Orders: 1 Gate Expand 

Get SALT Encoding   

  12  0:00  Probe  
  13  0:12  Probe  
  14  0:17  Pylon  
  14  0:24  Probe (Chrono Boost)  
  15  0:36  Probe (Chrono Boost)  
  15  0:39  Gateway  
  16  0:43  Probe (Chrono Boost)  
  16  0:46  Assimilator  
  17  0:51  Probe  
  18  1:03  Probe  
  19  1:15  Probe  
  20  1:23  Nexus  
  20  1:34  Cybernetics Core  
  20  1:37  Probe  
  21  1:43  Assimilator  
  21  1:49  Probe  
  22  1:56  Pylon  
  22  2:01  Probe  
  23  2:12  Stalker (Chrono Boost)  
  25  2:18  Warp Gate (Chrono Boost)  
  25  2:19  Shield Battery  
  25  2:30  Shield Battery  
  25  2:34  Stalker  
  25  2:36  Probe  
  28  2:39  Probe  
  29  2:48  Probe  
  30  2:52  Gateway  
  30  2:55  Probe  
  31  3:02  Probe  
  32  3:07  Probe  
  32  3:10  Sentry  
  35  3:14  Probe  
  36  3:24  Gateway  
  38  3:42  Shield Battery  
  36  3:49  Shield Battery, Pylon  
  36  3:59  Pylon  
Show
View Real Time Build Order
Export as new Build Order

zuka Protoss - Winner!

Build Orders: Proxy Void Ray 

Get SALT Encoding   

  12  0:00  Probe  
  13  0:12  Probe  
  14  0:17  Pylon  
  14  0:24  Assimilator  
  14  0:37  Gateway  
  14  0:43  Assimilator  
  14  0:46  Probe (Chrono Boost)  
  15  0:55  Probe (Chrono Boost)  
  16  1:00  Probe (Chrono Boost)  
  17  1:12  Probe  
  18  1:24  Probe, Cybernetics Core  
  19  1:36  Probe  
  19  1:38  Pylon  
  20  2:01  Stargate  
  20  2:02  Stargate  
  20  2:10  Shield Battery  
  20  2:36  Void Ray (Chrono Boost)  
  20  2:39  Void Ray (Chrono Boost)  
  28  2:51  Pylon  
  28  3:07  Void Ray (Chrono Boost)  
  32  3:39  Shield Battery  
Tags
 
Add a new tag
Caveats
  • Supply blocks, unpowered buildings, or Contaminate may cause inaccurate times.
  • Supply counts are checked every 10 seconds.